 Dungeon Crawl Stone Soup version 0.19.4 (webtiles) character file.

1594 Naow the Infuser (level 8, -7/41 HPs)
             Began as a Deep Elf Conjurer on Jan 30, 2017.
             Was a Follower of Vehumet.
             Shot with an arrow by a centaur (11 damage)
             ... on level 7 of the Dungeon.
             The game lasted 00:14:46 (8304 turns).

Naow the Infuser (Deep Elf Conjurer)                Turns: 8304, Time: 00:14:47

Health: -7/41      AC: 12    Str: 13    XL:     8   Next: 62%
Magic:  22/22      EV: 13    Int: 23    God:    Vehumet [*.....]
Gold:   246        SH:  0    Dex: 15    Spells: 5 memorised, 7 levels left

rFire  . . .     SeeInvis .     (no weapon)
rCold  + + .     Gourm    .     H - +1 robe of Perpetual Drought {rC++ Str+8}
rNeg   . . .     Faith    .     (no shield)
rPois  .         Spirit   .     y - +1 hat
rElec  .         Reflect  .     n - +2 cloak
rCorr  +         Harm     .     r - +2 pair of gloves
MR     .....                    (no boots)
Stlth  ++........               (no amulet)
                                j - ring of resist corrosion
                                F - +2 ring of protection

@: no status effects
A: no striking features
a: Renounce Religion


You were on level 7 of the Dungeon.
You worshipped Vehumet.
Vehumet was aware of your devotion.
You were near starving.

You visited 2 branches of the dungeon, and saw 8 of its levels.

You collected 372 gold pieces.
You spent 126 gold pieces at shops.

Inventory:

Armour
 a - a +0 robe
 n - a +2 cloak (worn)
 r - a +2 pair of gloves (worn)
 t - a +0 helmet
 y - a +1 hat (worn)
 D - a -2 buckler
 H - the +1 robe of Perpetual Drought (worn) {rC++ Str+8}
   (You bought it in a shop on level 6 of the Dungeon)

   It affects your strength (+8).
   It greatly protects you from cold.
Jewellery
 j - a ring of resist corrosion (right hand)
 F - a +2 ring of protection (left hand)
Wands
 d - a wand of flame (29/48)
 w - a wand of disintegration (17/24)
 E - a wand of lightning (6/15)
Scrolls
 e - 11 scrolls of identify
 l - 3 scrolls of remove curse
 p - a scroll of amnesia
 q - a scroll of random uselessness
 u - 2 scrolls of teleportation
 C - a scroll of noise {unknown}
Potions
 f - a potion of agility {unknown}
 g - 2 potions of flight {unknown}
 h - a potion of heal wounds
 i - 2 potions of brilliance
 k - a potion of mutation {unknown}
 m - 4 potions of degeneration
 o - a potion of cancellation {unknown}
 s - 2 potions of lignification {unknown}
 v - 3 potions of might {unknown}
 z - 2 potions of invisibility {unknown}
 A - 2 potions of curing
Books
 b - a book of Conjurations

   Spells                             Type                      Level
   a - Magic Dart                     Conjuration                  1
   b - Searing Ray                    Conjuration                  2
   c - Dazzling Spray                 Conjuration/Hexes            3
   d - Fulminant Prism                Conjuration/Hexes            4
   e - Iskenderun's Mystic Blast      Conjuration                  4
   f - Iskenderun's Battlesphere      Conjuration/Charms           5
 G - a book of Maledictions

   Spells                             Type                      Level
   a - Corona                         Hexes                        1
   b - Ensorcelled Hibernation        Hexes/Ice                    2
   c - Confuse                        Hexes                        3
   d - Tukima's Dance                 Hexes                        3
   e - Dazzling Spray                 Conjuration/Hexes            3
Comestibles
 c - 7 bread rations
 x - a fruit
 B - 3 meat rations


   Skills:
 - Level 2.4 Dodging
 - Level 2.4 Stealth
 + Level 8.2 Spellcasting
 + Level 8.6 Conjurations
 * Level 8.9 Charms


You had 7 spell levels left.
You knew the following spells:

 Your Spells              Type           Power        Failure   Level  Hunger
a - Magic Dart            Conj           ####         1%          1    None
b - Searing Ray           Conj           #####.       1%          2    None
c - Iskenderun's Battles  Conj/Chrm      #####...     8%          5    #####..
d - Iskenderun's Mystic   Conj           #####...     1%          4    ##.....
e - Fulminant Prism       Conj/Hex       ####......   14%         4    ##.....


Dungeon Overview and Level Annotations

Branches:
Dungeon (7/15)             Temple (1/1) D:5

Altars:
Ashenzari
Cheibriados
Dithmenos
Elyvilon
Kikubaaqudgha
Makhleb
Nemelex Xobeh
Qazlal
Ru
Sif Muna
Trog
Uskayaw
Vehumet
Xom
Zin
The Shining One

Shops:
D:5 !   D:6 [([


Message History

The centaur shouts!
The centaur wields a shortbow.
The centaur shoots an arrow.
The arrow hits you but does no damage.
Found a shimmering altar of Xom. 2 centaurs come into view.
The centaur wields a shortbow.
The centaur shoots an arrow.
The arrow hits you!
The centaur shoots an arrow.
The arrow barely misses you.
You see here an arrow.
The centaur shouts!
The centaur wields a shortbow.
The centaur shoots an arrow.
The arrow hits you!
The centaur shoots an arrow.
The arrow hits you!
You see here an arrow.
The centaur shoots an arrow.
The arrow hits you but does no damage.
You see here an arrow.
The centaur shoots an arrow.
The arrow hits you!
* * * LOW HITPOINT WARNING * * *
You see here an arrow.
You are near starving!
The centaur shoots an arrow.
The arrow hits you!
You die...

'#####.........## .≈≈≈≈≈c
................# ##.≈≈≈≈cc
######.###'#....# #..≈≈≈≈≈_
#..........#....# #..≈≈≈≈≈.
#.....####......####..≈c≈≈≈.
####...##......<...((.≈≈≈c##
....#..#...##.......(###≈≈≈#
.##.#..#..#####......# ≈≈≈
..#.#.....# #.@((..# #
.##.#.###.# #.............
.##.#.....# #.............
.##.####### #.............
.##.......# #.............
.########.##################
.# ###....# .# ####...##.#
.###....#.##.#


You could see a centaur.

Vanquished Creatures
  The ghost of tschems the Chopper, a novice HuFi of Okawaru (D:5)
  A spriggan (D:7)
  An ogre (D:4)
  A phantom (D:7)
  A bullfrog (D:6)
  3 scorpions
  A water moccasin skeleton (D:4)
  3 orc priests (D:6)
  3 bullfrog skeletons
  An iguana (D:4)
  7 worker ants
  A hound skeleton (D:5)
  Robin (D:4)
  9 adders
  7 gnolls (D:5)
  A howler monkey skeleton (D:4)
  A shadow imp (D:7)
  2 adder skeletons
  4 worms
  5 dart slugs
  3 leopard geckos
  18 orcs
  3 ball pythons
  8 bats
  3 giant cockroaches
  13 goblins
  12 hobgoblins
  10 jackals
  2 quokkas (D:6)
  9 frilled lizards
  A jackal zombie (D:6)
  A kobold (D:1)
  A leopard gecko skeleton (D:4)
  6 rats
144 creatures vanquished.

Notes
Turn   | Place    | Note
-------+----------+-------------------------------------------
     0 | D:1      | Naow the Deep Elf Conjurer began the quest for the Orb.
     0 | D:1      | Reached XP level 1. HP: 10/10 MP: 6/6
    75 | D:1      | Reached XP level 2. HP: 13/15 MP: 0/8
   565 | D:1      | Reached skill level 5 in Conjurations
   736 | D:1      | Reached XP level 3. HP: 19/19 MP: 7/10
   740 | D:1      | Learned a level 2 spell: Searing Ray
  1244 | D:2      | Found a shadowy altar of Dithmenos.
  1729 | D:3      | Reached XP level 4. HP: 22/24 MP: 5/12
  2509 | D:3      | Reached skill level 5 in Spellcasting
  2748 | D:4      | Reached XP level 5. HP: 28/28 MP: 9/14
  2755 | D:4      | Learned a level 5 spell: Iskenderun's Battlesphere
  2760 | D:4      | Learned a level 4 spell: Iskenderun's Mystic Blast
  2834 | D:4      | Noticed an ogre
  2841 | D:4      | Killed an ogre
  3202 | D:4      | Reached XP level 6. HP: 32/32 MP: 8/16
  3208 | D:4      | Learned a level 4 spell: Fulminant Prism
  3367 | D:4      | Reached skill level 1 in Charms
  3809 | D:4      | Noticed Robin
  3861 | D:4      | Killed Robin
  4431 | D:5      | Entered Level 5 of the Dungeon
  4475 | D:5      | Found a staircase to the Ecumenical Temple.
  4490 | Temple   | Entered the Ecumenical Temple
  4557 | Temple   | Became a worshipper of Vehumet
  4662 | D:5      | Reached XP level 7. HP: 33/36 MP: 13/18
  4805 | D:5      | Found Biowydie's Distillery.
  4828 | D:5      | Bought a potion of curing for 30 gold pieces
  5153 | D:5      | Noticed tschems's ghost (novice HuFi)
  5792 | D:4      | Reached skill level 5 in Charms
  6095 | D:5      | Killed tschems's ghost
  6095 | D:5      | Reached XP level 8. HP: 30/41 MP: 0/21
  6852 | D:6      | Found Ogestrul's Antique Weapon Emporium.
  7018 | D:6      | Found Jatuep's Antique Armour Boutique.
  7027 | D:6      | Bought a steaming robe for 96 gold pieces
  7037 | D:6      | Identified the +1 robe of Perpetual Drought {rC++ Str+8} (You bought it in a shop on level 6 of the Dungeon)
  7125 | D:6      | Reached * piety under Vehumet
  7125 | D:6      | Offered knowledge of Sandblast by Vehumet.
  7361 | D:6      | Found a burning altar of Makhleb.
  7372 | D:6      | Found Kiravag's Armour Shoppe.
  8199 | D:7      | Found a stormy altar of Qazlal.
  8204 | D:7      | Noticed an air elemental
  8296 | D:7      | Found a shimmering altar of Xom.
  8304 | D:7      | Shot with an arrow by a centaur

Skill      XL: |  1  2  3  4  5  6  7  8 |
---------------+-------------------------+-----
Spellcasting   | 4 5 6 7 8 |  8.2
Conjurations   | 5 6 7 8 |  8.6
Charms         | 4 6 8 |  8.9
Dodging        | |  2.4
Stealth        | |  2.4

Action                   |  1- 3 |  4- 6 |  7- 9 || total
-------------------------+-------+-------+-------++-------
Melee: Unarmed           |     7 |       |       ||     7
 Cast: Magic Dart        |    76 |    83 |   107 ||   266
       Searing Ray       |     3 |    18 |    10 ||    31
       Iskenderun's Myst |       |       |    14 ||    14
       Iskenderun's Batt |       |       |     9 ||     9
  Use: Potion            |       |     2 |       ||     2
       Scroll            |       |       |     9 ||     9
  Eat: Chunk             |     2 |     9 |    12 ||    23
       Beef jerky        |       |       |     1 ||     1
Armor: Robe              |     2 |     5 |    15 ||    22
Dodge: Dodged            |     5 |    16 |    25 ||    46
